 Dungeon Crawl Stone Soup version 0.22.1-1-ga44c0e5 (webtiles) character file.

84 Fang the Skirmisher (level 4, -5/29 HPs)
             Began as a Gargoyle Berserker on Sept 25, 2018.
             Was a Believer of Trog.
             Slain by a gnoll
             ... wielding a +0 spear
              (7 damage)
             ... on level 2 of the Dungeon.
             The game lasted 00:01:19 (1359 turns).

Fang the Skirmisher (Gargoyle Berserker)            Turns: 1359, Time: 00:01:20

Health: -5/29      AC:  5    Str: 22    XL:     4   Next: 46%
Magic:  4/4        EV: 12    Int:  7    God:    Trog [**....]
Gold:   60         SH:  0    Dex:  9    Spells: 3/3 levels left

rFire    . . .     SeeInvis .   a - +0 hand axe
rCold    . . .     Gourm    .   (no shield)
rNeg     + . .     Faith    .   b - +0 animal skin
rPois    ∞         Spirit   .   (no helmet)
rElec    +         Reflect  .   (no cloak)
rCorr    .         Harm     .   (no gloves)
MR       .....                  (no boots)
Stlth    +.........             (no amulet)
HPRegen  0.09/turn              (no ring)
MPRegen  0.09/turn              (no ring)

@: berserk cooldown, slowed, very slow
A: negative energy resistance 1, electricity resistance, unbreathing,
petrification resistance, rot immunity, AC +3
a: Berserk, Trog's Hand, Renounce Religion


You were on level 2 of the Dungeon.
You worshipped Trog.
Trog was pleased with you.
You were very hungry.

You visited 1 branch of the dungeon, and saw 3 of its levels.

You collected 60 gold pieces.

Inventory:

Hand Weapons
 a - a +0 hand axe (weapon)
Armour
 b - a +0 animal skin (worn)
Scrolls
 d - a scroll of enchant weapon {unknown}
 h - 2 scrolls of identify {unknown}
 i - a scroll of blinking {unknown}
 j - a scroll of teleportation {unknown}
Potions
 e - 2 potions of curing {unknown}
 f - a potion of heal wounds {unknown}
 g - a potion of mutation {unknown}
 k - a potion of ambrosia {unknown}
Comestibles
 c - 3 rations
 l - 3 chunks of flesh


   Skills:
 + Level 4.0 Fighting
 + Level 3.8 Axes
 + Level 2.3 Armour
 + Level 2.0 Dodging
 + Level 0.7 Stealth


You had 3 spell levels left.
You didn't know any spells.
Your spell library was empty.

Dungeon Overview and Level Annotations

Branches:
Dungeon (3/15)

Altars:


Innate Abilities, Weirdness & Mutations

You are resistant to torment.
Your stone body is resilient. (AC +3)
You are immune to poison.
You resist negative energy. (rN+)
You are resistant to electric shocks. (rElec)
You can survive without breathing.
You are immune to petrification.
You are immune to rotting.


Message History

You are exhausted.
You feel yourself slow down.
The gnoll hits you from afar with a spear.
The gnoll closely misses you. The gnoll closely misses you. x2
You closely miss the gnoll. The gnoll completely misses you.
You hit the gnoll.
The gnoll is moderately wounded.
The gnoll hits you with a spear. The gnoll closely misses you.
You hit the gnoll.
The gnoll is severely wounded.
The gnoll misses you. The gnoll hits you with a spear!
* * * LOW HITPOINT WARNING * * *
You hit the gnoll.
The gnoll is severely wounded.
The gnoll barely misses you.
You closely miss the gnoll.
The gnoll is severely wounded.
The gnoll hits you with a spear!
You die...

####### #.....#
#####.....#
#.........############
#.....................
#....@....##[#########
#....g....<#.#
#####.#....#.#
#.#.÷..#.# #.#....#.#
#... ####.##...#.#
#... #..
######........##.#
#... #..
+................#
#... #...
######..........##
#...


You could see a gnoll.

Vanquished Creatures
  2 adders (D:2)
  2 gnolls (D:2)
  3 worms (D:2)
  A dart slug (D:1)
  2 leopard geckos (D:2)
  4 bats (D:1)
  2 giant cockroaches
  5 goblins
  4 jackals (D:1)
  2 ball pythons
  A frilled lizard (D:2)
  5 kobolds
  3 rats (D:1)
36 creatures vanquished.

Notes
Turn   | Place    | Note
-------+----------+-------------------------------------------
     0 | D:1      | Fang the Gargoyle Berserker began the quest for the Orb.
     0 | D:1      | Reached XP level 1. HP: 14/14 MP: 1/1
    76 | D:1      | Reached XP level 2. HP: 13/19 MP: 2/2
   794 | D:2      | Reached XP level 3. HP: 21/23 MP: 3/3
  1170 | D:2      | Reached skill level 4 in Fighting
  1170 | D:2      | Reached XP level 4. HP: 20/29 MP: 4/4
  1171 | D:2      | Reached ** piety under Trog
  1359 | D:2      | Slain by a gnoll

Skill      XL: |  1  2  3  4 |
---------------+-------------+-----
Axes           | 3 |  3.8
Fighting       | 4 |  4.0
Dodging        | 2 |  2.0
Armour         | |  2.3
Stealth        | |  0.7

Action                   |  1- 3 |  4- 6 || total
-------------------------+-------+-------++-------
Melee: Hand axe          |    73 |    15 ||    88
Invok: Berserk           |     2 |     1 ||     3
  Eat: Chunk             |     2 |     1 ||     3
Armor: Animal skin       |    24 |     1 ||    25
Dodge: Dodged            |    65 |    12 ||    77
